 Dungeon Crawl Stone Soup version 0.30-b1-2-g02819fbbbe (webtiles) character file.

Game seed: 8558209806073630866

(classic levelgen) 289 EnegeticOcto the Chopper (level 6, -1/55 HPs)
             Began as a Minotaur Fighter on May 8, 2023.
             Was a Follower of Cheibriados.
             Slain by an iguana (2 damage)
             ... on level 4 of the Dungeon.
             The game lasted 00:01:18 (1907 turns).

EnegeticOcto the Chopper (Minotaur Fighter)         Turns: 1907, Time: 00:01:18

Health: -1/55      AC:  9    Str: 30    XL:     6   Next: 9%
Magic:  5/5        EV:  8    Int:  7    God:    Cheibriados [*.....]
Gold:   183        SH:  6    Dex: 18    Spells: 5/5 levels left

rFire   . . .        a - +0 war axe
rCold   . . .        c - +0 buckler
rNeg    . . .        l - +0 chain mail
rPois   .            (helmet restricted)
rElec   .            (no cloak)
rCorr   .            (no gloves)
SInv    .            (no boots)
Will    .....        (no amulet) Stlth
                     e - +6 ring of dexterity
HPRegen 0.29/turn    k - +6 ring of strength
MPRegen 0.09/turn

%: no passive effects
@: very slow
A: horns 2, retaliatory headbutt
a: Renounce Religion, Bend Time


You were on level 4 of the Dungeon.
You worshipped Cheibriados.
Cheibriados was aware of your devotion.
You visited 1 branch of the dungeon, and saw 4 of its levels.

You collected 183 gold pieces.

Inventory:

Hand Weapons
 a - a +0 war axe (weapon)
Armour
 b - a +0 scale mail
 c - a +0 buckler (worn)
 l - a +0 chain mail (worn)
   (You found it on level 1 of the Dungeon)
Jewellery
 e - a +6 ring of dexterity (left hand)
   (You found it on level 1 of the Dungeon)
 k - a +6 ring of strength (right hand)
   (You found it on level 1 of the Dungeon)
 u - a +6 ring of intelligence
   (You found it on level 3 of the Dungeon)
Wands
 v - a wand of flame (11) {@v4}
   (You found it on level 3 of the Dungeon)
Scrolls
 h - a scroll of immolation {unknown}
 i - a scroll of silence {unknown}
 j - a scroll of enchant weapon {unknown}
 m - a scroll of vulnerability
 o - 2 scrolls of magic mapping {unknown}
 p - 2 scrolls of identify {unknown}
 s - a scroll of poison {unknown}
Potions
 d - a potion of might {@q3}
 f - a potion of magic {unknown}
 g - 2 potions of cancellation {unknown}
 n - a potion of brilliance {unknown}
 q - a potion of resistance {unknown}
 r - 3 potions of invisibility {unknown}
 t - 3 potions of curing {unknown}


   Skills:
 + Level 4.9 Fighting
 * Level 5.2 Axes
 + Level 4.8 Armour
 + Level 4.8 Shields
 + Level 0.5 Invocations


You had 5 spell levels left.
You didn't know any spells.
Your spell library was empty.

Dungeon Overview and Level Annotations

Branches:
Dungeon (4/15)
 Temple: D:4-7

Altars:
Cheibriados
Dithmenos
Gozag
Kikubaaqudgha
Makhleb
Nemelex Xobeh
Okawaru
Qazlal
Ru
Sif Muna
Uskayaw
Wu Jian
Xom


Innate Abilities, Weirdness & Mutations

You have a pair of horns on your head.
You reflexively headbutt those who attack you in melee.


Message History

You furiously retaliate!
You headbutt the jackal. You block the jackal's attack.
You hit the jackal.
You kill the jackal!
Cheibriados thoroughly appreciates the change of pace.
No target in view!
No target in view!
No target in view!
No target in view!
No target in view!
No target in view!
HP restored.
You now have 166 gold pieces (gained 10).
Things that are here:
a jackal corpse; a jackal corpse You now have 170 gold pieces (gained 4).
Found an arbalest.
Found a short sword.
Found an escape hatch in the ceiling.
Found a scale mail.
You now have 183 gold pieces (gained 13).
No target in view!
No target in view!
No target in view!
No target in view!
No target in view!
No target in view!
No target in view!
No target in view!
No target in view!
An orc priest comes into view. It is wielding a +0 falchion.
Found a whip.
An orc priest is nearby!
An orc priest is nearby!
An orc priest is nearby!
An orc priest is nearby!
An orc comes into view. It is wielding a +0 club.
Found 3 stones.
The orc shouts!
You hear a shout!
An orc comes into view. It is wielding a +0 club.
An iguana comes into view.
The iguana hisses angrily.
You hear a shout!
An orc comes into view. It is wielding a +0 dagger.
An endoplasm comes into view.
You slash the orc priest!
The orc priest is heavily wounded.
The orc priest hits you with a +0 falchion.
The orc priest hits you but does no damage.
You barely miss the orc priest.
You headbutt the orc priest, but do no damage.
The orc priest is heavily wounded.
The orc priest looks braver for a moment.
You barely miss the orc priest.
The orc priest is heavily wounded.
The orc priest invokes the aid of Beogh against you.
Beogh smites you!
The iguana hisses menacingly.
You hit the orc priest. You headbutt the orc priest.
The orc priest is almost dead.
You slash the orc!
You kill the orc!
Cheibriados appreciates the change of pace.
The orc priest calls down the wrath of Beogh upon you.
Beogh smites you! The endoplasm barely misses you. You furiously retaliate!
You headbutt the endoplasm.
You kill the endoplasm!
Cheibriados thoroughly appreciates the change of pace.
You slash the iguana! You headbutt the iguana.
The iguana is severely wounded.
You hit the orc. The iguana bites you.
You are too injured to fight recklessly!
You are too injured to fight recklessly!
You are too injured to fight recklessly!
You are too injured to fight recklessly!
You are too injured to fight recklessly!
You are too injured to fight recklessly!
You are too injured to fight recklessly!
You are too injured to fight recklessly!
You are too injured to fight recklessly!
You are too injured to fight recklessly!
You closely miss the orc priest. Your headbutt misses the orc priest.
The orc priest is almost dead.
You closely miss the iguana. You closely miss the orc.
You block the iguana's attack.
The orc priest mumbles some strange prayers to Beogh against you.
Beogh smites you!
* * * LOW HITPOINT WARNING * * *
The orc barely misses you.
You closely miss the orc priest.
The orc priest is almost dead.
You hit the iguana. You slash the orc!
You kill the orc!
Cheibriados appreciates the change of pace.
The iguana bites you.
* * * LOW HITPOINT WARNING * * *
The orc hits you but does no damage.
The orc priest hits you with a +0 falchion.
* * * LOW HITPOINT WARNING * * *
The iguana bites you.
You die...

...8.8 ...... ...#
......# ....##
....... ....8#
.......## ...#.##
.....<..##....8.##
..)....o#........
......l@..###..# .
.#....o...#...###..
#....##...........
#.....####.....)...
#(....#............
#............#...##
#####........#.#.[.
## ##..........##...
...##................


You could see an iguana, an orc priest and an orc.

Vanquished Creatures
  A black bear (D:3)
  7 gnolls (D:2)
  3 adders
  A worm (D:2)
  2 dart slugs
  3 orcs
  9 endoplasms
  3 giant cockroaches
  2 goblins (D:1)
  12 hobgoblins
  8 jackals
  5 quokkas
  5 ball pythons
  5 bats
  5 frilled lizards
  9 kobolds
  6 rats
86 creatures vanquished.

Notes
Turn   | Place    | Note
-------+----------+-------------------------------------------
     0 | D:1      | EnegeticOcto the Minotaur Fighter began the quest for the
                  | Orb.
     0 | D:1      | Reached XP level 1. HP: 19/19 MP: 0/0
    84 | D:1      | Reached XP level 2. HP: 27/27 MP: 1/1
    89 | D:1      | Reached skill level 3 in Axes
   130 | D:1      | Reached XP level 3. HP: 27/33 MP: 2/2
   674 | D:2      | Reached XP level 4. HP: 40/40 MP: 3/3
   762 | D:2      | Reached skill level 4 in Axes
   939 | D:2      | Found a sacrificial altar of Ru.
  1071 | D:2      | Reached XP level 5. HP: 47/47 MP: 4/4
  1256 | D:3      | Found a snail-covered altar of Cheibriados.
  1257 | D:3      | Noticed a black bear
  1269 | D:3      | Killed a black bear
  1270 | D:3      | Reached skill level 5 in Axes
  1272 | D:3      | Found an ancient bone altar of Kikubaaqudgha.
  1276 | D:3      | Found an iron altar of Okawaru.
  1277 | D:3      | Found a shadowy altar of Dithmenos.
  1277 | D:3      | Found a stormy altar of Qazlal.
  1277 | D:3      | Found a shimmering altar of Xom.
  1277 | D:3      | Found a shimmering blue altar of Sif Muna.
  1278 | D:3      | Found a sparkling altar of Nemelex Xobeh.
  1279 | D:3      | Found an ornate altar of the Wu Jian Council.
  1280 | D:3      | Found a burning altar of Makhleb.
  1282 | D:3      | Found a hide-covered altar of Uskayaw.
  1296 | D:3      | Became a worshipper of Cheibriados the Contemplative
  1524 | D:3      | Reached XP level 6. HP: 53/55 MP: 5/5
  1590 | D:3      | Reached * piety under Cheibriados
  1603 | D:3      | Found a faded altar of an unknown god.
  1670 | D:3      | Found an opulent altar of Gozag.
  1907 | D:4      | HP: 1/55 [orc priest/+0 falchion (5)]
  1907 | D:4      | Slain by an iguana

Illustrated notes

Levels and vault maps discovered:
D:1:      wheals_arrival_shading, layout_rooms
D:2:      layout_basic, basic_altar, hangedman_decor_clover_reticule,
          minmay_misc_feat_four_crosses
D:3:      layout_basic, minitemple, grunt_gozag_statues,
          shapermc_ecumenical_altar_venn
D:4:      layout_cave_pools, serial_column_ruins, column_ruins_pillar_3,
          column_ruins_pillar_12, column_ruins_pillar_2, column_ruins_pillar_1,
          column_ruins_pillar_3, column_ruins_pillar_2, column_ruins_pillar_6,
          column_ruins_pillar_3, column_ruins_pillar_3, column_ruins_pillar_6,
          column_ruins_pillar_1

Skill      XL: |  1  2  3  4  5 |
---------------+----------------+-----
Axes           | 3 4 5 |  5.2
Armour         | 4 |  4.8
Fighting       | 4 |  4.9
Shields        | 4 |  4.8
Invocations    | |  0.5

Action                     |  1- 3 |  4- 6 || total
---------------------------+-------+-------++-------
  Melee: War axe           |    64 |    74 ||   138
         Headbutt          |     8 |    14 ||    22
    Use: Scroll            |       |     1 ||     1
 Armour: Scale mail        |    24 |       ||    24
         Chain mail        |    14 |    36 ||    50
  Dodge: Dodged            |    35 |    29 ||    64
  Block: Buckler           |    22 |    23 ||    45
